 Dungeon Crawl Stone Soup version 0.27-a0-1500-g450c7e4133 (webtiles) character file.

Game seed: 9402024882996663948

182 MrSixtyFour the Ruffian (level 5, 0/42 HPs)
             Began as a Draconian Transmuter on July 7, 2021.
             Slain by Sigmund (1 damage)
             ... on level 3 of the Dungeon.
             The game lasted 00:05:15 (2780 turns).

MrSixtyFour the Ruffian (Draconian Transmuter)      Turns: 2780, Time: 00:05:15

Health: 0/42       AC:  5    Str: 13    XL:     5   Next: 34%
Magic:  8/9        EV: 12    Int: 13    God:
Gold:   134        SH:  0    Dex: 12    Spells: 8/9 levels left

rFire    . . .     SeeInvis .     - Unarmed
rCold    . . .     Faith    .   (no shield)
rNeg     . . .     Spirit   .   (armour unavailable)
rPois    .         Reflect  .   (helmet currently unavailable)
rElec    .         Harm     .   (no cloak)
rCorr    .         Rampage  .   (no gloves)
Will     .....                  (boots currently unavailable)
Stlth    +.........             (no amulet)
HPRegen  0.14/turn              (no ring)
MPRegen  0.11/turn              (no ring)

@: appendages (expiring)
A: horns 2, talons 2, AC +5, unfitting armour, cold-blooded
a: End Transformation


You were on level 3 of the Dungeon.
You had temporarily grown beastly horns and talons.
You visited 1 branch of the dungeon, and saw 3 of its levels.

You collected 134 gold pieces.

Inventory:

Missiles
 f - 16 poisoned darts
Jewellery
 b - a ring of fire
Scrolls
 a - 2 scrolls of identify {unknown}
 d - 2 scrolls of magic mapping {unknown}
 g - 3 scrolls of enchant armour {unknown}
 h - a scroll of amnesia {unknown}
Potions
 c - 3 potions of attraction {unknown}
 e - a potion of curing {unknown}


   Skills:
 + Level 2.5 Fighting
 + Level 2.6 Dodging
 * Level 4.2 Unarmed Combat
 + Level 2.6 Spellcasting
 + Level 2.9 Transmutations


You had 8 spell levels left.
You knew the following spells:

 Your Spells              Type           Power      Damage    Failure   Level
a - Beastly Appendage     Tmut           18%        N/A       8%          1

Your spell library contained the following spells:

 Spells                   Type           Power      Damage    Failure   Level
 Wereblood                Tmut           9%         N/A       11%         2
 Spider Form              Tmut/Pois      2%         N/A       36%         3
 Dazzling Flash           Conj/Hex       2%         N/A       58%         3
 Ice Form                 Ice/Tmut       5%         N/A       78%         4
 Agony                    Necr           1%         N/A       100%        5
 Silence                  Hex/Air        0%         N/A       100%        5


Dungeon Overview and Level Annotations

Branches:
Dungeon (3/15)

Altars:
Okawaru

Annotations:
D:3 Sigmund


Innate Abilities, Weirdness & Mutations

You have temporarily grown beastly horns and talons.
Your plain brown scales are hard. (AC +5)
You cannot fit into any form of body armour.
You are cold-blooded and may be slowed by cold attacks.


Message History

Magic restored.
You start resting.
Your horns disappear.
Your talons disappear.
You start resting.
HP restored.
A dart slug comes into view.
Casting: Beastly Appendage (safe; 8% risk of failure)
Press: ? - help, Q - select action, (/) - cycle Dir - look around, f - activate You grow a pair of large bovine horns.
Your feet morph into talons.
Found 13 gold pieces.
Found an iron altar of Okawaru.
Sigmund the Dreaded comes into view.
He is wielding a +0 scythe.
Sigmund shouts!
The dart slug launches a dart at you. The slug dart misses you.
Sigmund laughs darkly.
The dart slug bites you but does no damage.
You punch the dart slug! You tail-slap the dart slug.
You kill the dart slug!
Sigmund closely misses you. Sigmund hits you with a +0 scythe!
You closely miss Sigmund. Your kick misses Sigmund.
Sigmund casts a spell at you.
You are confused.
Sigmund hits you but does no damage.
Press: ? - help, v - describe, . - travel An iron altar of Okawaru.
You're too confused to move!
Your transformation is almost over.
Sigmund points at you and mumbles some strange words.
The puff of flame misses you.
Sigmund hits you from afar with a +0 scythe!
Sigmund hits you from afar with a +0 scythe!
* * * LOW HITPOINT WARNING * * *
You bump into the metal wall.
You feel less confused.
Sigmund hits you from afar with a +0 scythe.
* * * LOW HITPOINT WARNING * * *
Sigmund says, "Your kind have come here before.
I understand now why.
You desire death..."
Sigmund hits you from afar with a +0 scythe.
You die...

##### #....### ###.....$#
#........##
###.##.##...##
#...#...#....####
#...............##
#....._@...#.##..####
#....@...............
#...#...#..#...#.###
######..#.##.##.####.#.##
#...##..........# #.#..##
#...#..#......### #..#..#
#.....######### ##..#.#
#.[..## ##...# #...###
##..### #...n.# #....#


You could see Sigmund.

Vanquished Creatures
  A necrophage (D:3)
  4 adders (D:2)
  3 worms
  3 dart slugs
  3 ball pythons (D:2)
  4 endoplasms
  5 giant cockroaches
  2 goblins (D:2)
  4 hobgoblins
  3 jackals (D:3)
  2 quokkas
  A bat (D:3)
  3 frilled lizards
  2 kobolds (D:1)
  6 rats
46 creatures vanquished.

Notes
Turn   | Place    | Note
-------+----------+-------------------------------------------
     0 | D:1      | MrSixtyFour the Draconian Transmuter began the quest for
                  | the Orb.
     0 | D:1      | Reached XP level 1. HP: 16/16 MP: 3/3
   466 | D:1      | Reached XP level 2. HP: 23/23 MP: 3/5
   745 | D:1      | Found a faded altar of an unknown god.
  1335 | D:2      | Reached XP level 3. HP: 24/29 MP: 4/6
  1914 | D:2      | Reached XP level 4. HP: 26/36 MP: 5/7
  2333 | D:3      | Noticed a necrophage
  2615 | D:3      | Killed a necrophage
  2616 | D:3      | Reached skill level 4 in Unarmed Combat
  2616 | D:3      | Reached XP level 5. HP: 23/42 MP: 6/8
  2765 | D:3      | Found an iron altar of Okawaru.
  2767 | D:3      | Noticed Sigmund
  2779 | D:3      | HP: 1/42 [Sigmund (5)]
  2780 | D:3      | Slain by Sigmund

Illustrated notes

Levels and vault maps discovered:
D:1:      dpeg_arrival_connections, layout_basic, basic_ecumenical_altar,
          chequers_serial_rivers_micro_a
D:2:      layout_basic
D:3:      layout_rooms, okawaru_gym_becter, uniq_sigmund

Skill      XL: |  1  2  3  4 |
---------------+-------------+-----
Dodging        | 2 |  2.6
Fighting       | 2 |  2.5
Unarmed Combat | 4 |  4.2
Spellcasting   | |  2.6
Transmutations | |  2.9

Action                   |  1- 3 |  4- 6 || total
-------------------------+-------+-------++-------
Melee: Unarmed           |   100 |    62 ||   162
       Kick              |    13 |    12 ||    25
       Headbutt          |     5 |     7 ||    12
       Tailslap          |     7 |     4 ||    11
 Cast: Beastly Appendage |    21 |    10 ||    31
 Stab: Sleeping          |     1 |       ||     1
Armor: Skin              |    19 |    24 ||    43
Dodge: Dodged            |    59 |    57 ||   116

Table legend: (Time is in decaauts)
 A = Elapsed time spent in this place.
 B = Non-inter-level travel time spent in this place.
 C = Inter-level travel time spent in this place.
 D = Time resting spent in this place.
 E = Time spent auto-exploring this place.
 F = Levels seen in this place.
 G = Mean time per level.
                   A        B        C        D        E       F      G
               +--------+--------+--------+--------+--------+-----+--------+
         Total |   2773 |   2674 |     99 |    108 |   2182 |   3 |  924.3 |
       Dungeon |   2773 |   2674 |     99 |    108 |   2182 |   3 |  924.3 |
               +--------+--------+--------+--------+--------+-----+--------+

Top non-repeatable levels by time:
     D:1: 1190 daAuts
     D:2: 1124 daAuts
     D:3: 457 daAuts
